 Dungeon Crawl Stone Soup version 0.29-a0-847-g24c0ca63c9 (webtiles) character file.

Game seed: 965660011527579893

978 Malachi the Cleaver (level 7, -5/48 (55) HPs)
             Began as a Palentonga Fighter on July 16, 2022.
             Frozen to death by Smoky173's ghost (14 damage)
             ... on level 4 of the Dungeon.
             The game lasted 00:06:35 (4083 turns).

Malachi the Cleaver (Palentonga Fighter)            Turns: 4083, Time: 00:06:35

HP:   -5/48 (55)    AC: 14    Str: 21    XL:     7   Next: 95%
MP:   7/7           EV:  7    Int:  9    God:
Gold: 162           SH:  4    Dex:  9    Spells: 6/6 levels left

rFire   . . .      SeeInvis +   q - +2 mace (protect)
rCold   . . .      Faith    .   c - +0 buckler
rNeg    . . .      Spirit   .   b - +0 scale mail
rPois   .          Reflect  .   (no helmet)
rElec   .          Harm     .   t - +0 cloak
rCorr   +          Rampage  .   (no gloves)
Will    .....                   (no barding)
Stlth   ..........              j - amulet of regeneration
HPRegen 0.96/turn               k - ring of resist corrosion
MPRegen 0.10/turn               (no ring)

@: under a protective aura, heavily drained
A: large, rugged brown scales 3, see invisible, deformed body, roll 1, armoured
tail, reflexive curl
a: Rolling Charge


You were on level 4 of the Dungeon.
You visited 1 branch of the dungeon, and saw 4 of its levels.
You also visited: Sewer and Ossuary.

You collected 285 gold pieces.
You spent 123 gold pieces at shops.

Inventory:

Hand Weapons
 a - a +0 war axe of venom
 q - a +2 mace of protection (weapon)
Missiles
 o - 9 poisoned darts
Armour
 b - a +0 scale mail (worn)
 c - a +0 buckler (worn)
 t - a +0 cloak (worn)
Jewellery
 j - an amulet of regeneration (around neck)
 k - a ring of resist corrosion (left hand)
Scrolls
 f - a scroll of noise
 g - a scroll of enchant armour
 i - 9 scrolls of teleportation
 m - a scroll of vulnerability
 s - a scroll of torment
 v - a scroll of poison {unknown}
Potions
 d - a potion of might
 e - 2 potions of curing
 h - a potion of resistance
 l - a potion of haste
 n - 2 potions of attraction
 p - 3 potions of lignification
 r - 2 potions of cancellation
 u - a potion of brilliance {unknown}
 w - a potion of invisibility
 x - a potion of mutation {unknown}


   Skills:
 - Level 3.0 Fighting
 + Level 9.4 Axes
 - Level 2.4 Armour
 - Level 2.6 Shields


You had 6 spell levels left.
You didn't know any spells.
Your spell library contained the following spells:

 Spells                   Type           Power      Damage    Failure   Level
 Dazzling Flash           Conj/Hex       0%         N/A       99%         3
 Iskenderun's Mystic Bla  Conj/Tloc      0%         2d3       100%        4
 Starburst                Conj/Fire      0%         6d3       100%        6


Dungeon Overview and Level Annotations

Branches:
Dungeon (4/15)              Sewer (visited)         Ossuary (visited)
 Temple: D:4-7

Altars:
Ashenzari
Hepliaklqana
Qazlal
Ru
Uskayaw
Zin

Shops:
D:2 ?

Annotations:
D:4 Smoky173's ghost, novice OpWn


Innate Abilities, Weirdness & Mutations

You are completely covered in rugged brown scales. (AC +3, +7% HP)
You have supernaturally acute eyesight. (SInv)
Armour fits poorly on your strangely shaped body.
You can roll at nearby foes to attack.
You have a long armoured tail.
You curl defensively after being hit. (AC +7*)


Message History

You are frozen!
You closely miss Smoky173's ghost.
Your tail-slap misses Smoky173's ghost.
Smoky173's ghost is lightly damaged.
Smoky173's ghost freezes you.
You are frozen!
You hit Smoky173's ghost.
Your weapon exudes an aura of protection.
Smoky173's ghost is moderately damaged.
Smoky173's ghost hits you but does no damage.
You feel drained.
You miss Smoky173's ghost.
Smoky173's ghost is moderately damaged.
Smoky173's ghost barely misses you.
Smoky173's ghost hits you but does no damage.
You feel drained.
You hit Smoky173's ghost.
Smoky173's ghost is moderately damaged.
Smoky173's ghost hits you but does no damage.
You feel drained.
You hit Smoky173's ghost.
Smoky173's ghost is moderately damaged.
Smoky173's ghost freezes you.
You are frozen!
You are too injured to fight recklessly!
You closely miss Smoky173's ghost.
Your tail-slap misses Smoky173's ghost.
Smoky173's ghost is moderately damaged.
Smoky173's ghost freezes you.
You are frozen!
* * * LOW HITPOINT WARNING * * *
You hit Smoky173's ghost.
Your tail-slap misses Smoky173's ghost.
Smoky173's ghost is heavily damaged.
Smoky173's ghost hits you.
* * * LOW HITPOINT WARNING * * *
You feel drained.
You miss Smoky173's ghost.
Smoky173's ghost is heavily damaged.
You block Smoky173's ghost's attack. Smoky173's ghost freezes you.
You are frozen!
You die...

.....)...................#
########################.#
###.####### #########
#.........#
###.......############.#.#####.#
..'.......'..|.......>.#.....#.#
###.......#####.)####..#####.#.#
#.......# #...# #........#)#
#.......# #.@.# #.########.#
#.......# ##W## #.#.#))).).#
#.......#####.[.###...#.######
#########...#.8.##..#.#.#
####.########..#.#.#
########....#.....##..#.#.#
.......'....#.....'...#.#.#
.#######....#....######.#.# .#
####........##.≈≈≈≈.#.#


You could see Smoky173's ghost.

Vanquished Creatures
  Sigmund (D:3)
  A steam dragon (D:4)
  A scorpion (D:4)
  4 water moccasin zombies (Ossuary)
  An orc priest (D:3)
  A gnoll bouda (D:4)
  Ijyb (D:3)
  An orc wizard (D:3)
  A hell rat (Sewer)
  2 mummies (Ossuary)
  5 gnolls (D:4)
  8 adders
  4 river rats
  4 adder zombies (Ossuary)
  A worm (D:2)
  4 dart slugs
  4 orcs
  4 ball pythons
  4 bats
  6 endoplasms
  3 giant cockroaches
  4 gnoll zombies (Ossuary)
  8 goblins
  6 hobgoblins
  3 quokkas
  3 frilled lizards
  6 hobgoblin zombies (Ossuary)
  3 kobold zombies (Ossuary)
  4 orc zombies (Ossuary)
  8 rats
106 creatures vanquished.

Vanquished Creatures (others)
  6 fungi (D:3)
  5 toadstools (D:3)
  2 withered plants (D:4)
13 creatures vanquished.

Grand Total: 119 creatures vanquished

Notes
Turn   | Place    | Note
-------+----------+-------------------------------------------
     0 | D:1      | Malachi the Palentonga Fighter began the quest for the Orb.
     0 | D:1      | Reached XP level 1. HP: 19/19 MP: 1/1
   384 | D:1      | Reached XP level 2. HP: 25/25 MP: 2/2
   450 | D:1      | Reached skill level 3 in Axes
   729 | D:2      | You fall into a shaft and drop 1 floor!
   851 | D:2      | Reached XP level 3. HP: 15/31 MP: 3/3
   878 | D:2      | Found a faded altar of an unknown god.
  1041 | D:2      | Reached skill level 4 in Axes
  1071 | D:2      | Found Niohageq's Magic Scroll Shop.
  1071 | D:2      | Found a glowing silver altar of Zin.
  1283 | D:2      | Reached XP level 4. HP: 37/37 MP: 4/4
  1799 | D:3      | Noticed Sigmund
  1803 | D:3      | Killed Sigmund
  1804 | D:3      | Reached skill level 6 in Axes
  1804 | D:3      | Reached XP level 5. HP: 32/43 MP: 5/5
  1917 | D:3      | Reached XP level 6. HP: 26/50 MP: 6/6
  1963 | D:3      | Noticed Ijyb
  1972 | D:3      | Killed Ijyb
  2829 | D:2      | Bought a scroll of brand weapon for 123 gold pieces
  2865 | D:4      | Found a glowing drain.
  2880 | D:4      | Reached skill level 7 in Axes
  2891 | Sewer    | Entered a sewer
  3015 | D:4      | Found a runed translucent door.
  3015 | D:4      | Noticed Smoky173's ghost (novice OpWn)
  3223 | D:4      | Gained mutation: You curl defensively after being hit. (AC
                  | +7*) [Palentonga growth]
  3223 | D:4      | Reached XP level 7. HP: 51/55 MP: 7/7
  3318 | D:4      | Noticed a steam dragon
  3334 | D:4      | Killed a steam dragon
  3335 | D:4      | Reached skill level 8 in Axes
  3388 | D:4      | Found a sand-covered staircase.
  3397 | Ossuary  | Entered an ossuary
  3481 | Ossuary  | Reached skill level 9 in Axes
  3747 | D:4      | Found a hazy altar of Hepliaklqana.
  3754 | D:4      | Found a sacrificial altar of Ru.
  3756 | D:4      | Found a hide-covered altar of Uskayaw.
  3756 | D:4      | Found a stormy altar of Qazlal.
  3757 | D:4      | Found a broken altar of Ashenzari.
  4083 | D:4      | Frozen to death by Smoky173's ghost

Illustrated notes

Levels and vault maps discovered:
D:1:      dpeg_arrival_more_subterranean_lakeside_camping, layout_loops_ring
D:2:      layout_basic, hellmonk_ecumenical_altar_zigzags, basic_altar,
          serial_shops, shop
D:3:      layout_basic, amcnicky_mini_corridor_feature,
          minmay_gold_behind_fungi, minivault_11, uniq_ijyb, uniq_sigmund
D:4:      layout_basic, minitemple, portal_sewer_entry_b, gammafunk_ghost_grave,
          enter_ossuary_2

Skill      XL: |  1  2  3  4  5  6  7 |
---------------+----------------------+-----
Axes           | 3 4 6 7 9 |  9.4
Fighting       | |  3.0
Armour         | |  2.4
Shields        | |  2.6

Action                   |  1- 3 |  4- 6 |  7- 9 || total
-------------------------+-------+-------+-------++-------
Melee: War axe           |    80 |   108 |    25 ||   213
       Tailslap          |    11 |    15 |    19 ||    45
       Mace              |       |       |   107 ||   107
 Abil: Rolling Charge    |       |     4 |       ||     4
  Use: Scroll            |       |     9 |     4 ||    13
       Potion            |       |     1 |       ||     1
Armor: Scale mail        |    45 |    42 |    58 ||   145
Dodge: Dodged            |    33 |    29 |    39 ||   101
Block: Buckler           |    17 |    16 |    24 ||    57

Table legend: (Time is in decaauts)
 A = Elapsed time spent in this place.
 B = Non-inter-level travel time spent in this place.
 C = Inter-level travel time spent in this place.
 D = Time resting spent in this place.
 E = Time spent auto-exploring this place.
 F = Levels seen in this place.
 G = Mean time per level.
                   A        B        C        D        E       F      G
               +--------+--------+--------+--------+--------+-----+--------+
         Total |   4170 |   3916 |    254 |    210 |   2661 |   6 |  695.0 |
       Dungeon |   3838 |   3584 |    254 |    210 |   2648 |   4 |  959.5 |
         Sewer |    102 |    102 |      0 |      0 |     13 |   1 |  102.0 |
       Ossuary |    229 |    229 |      0 |      0 |      0 |   1 |  229.0 |
               +--------+--------+--------+--------+--------+-----+--------+

Top non-repeatable levels by time:
     D:3: 1278 daAuts
     D:4: 916 daAuts
     D:2: 915 daAuts
     D:1: 727 daAuts
 Ossuary: 229 daAuts
   Sewer: 102 daAuts
